 Dungeon Crawl Stone Soup version 0.29-a0-676-ga64570c9d2 (webtiles) character file.

Game seed: 17566209822199895070

459118 buhh the Sniper (level 25, -3/138 (139) HPs)
             Began as a Kobold Hunter on June 24, 2022.
             Was a High Priest of Hepliaklqana.
             Slain by a spriggan defender
             ... wielding a +4 lajatang of pain
             ... led by the Enchantress
              (17 damage)
             ... on level 3 of the Depths.
             The game lasted 02:14:55 (58520 turns).

buhh the Sniper (Kobold Hunter)                    Turns: 58520, Time: 02:14:56

HP:   -3/138 (139)  AC: 20    Str: 14    XL:     25   Next: 66%
MP:   40/41         EV: 42    Int: 12    God:    Hepliaklqana [*****.]
Gold: 484           SH:  0    Dex: 25    Spells: 24/53 levels left

rFire   + . .      SeeInvis .   x - +9 triple crossbow (freeze)
rCold   + + +      Faith    .   (shield currently unavailable)
rNeg    + . .      Spirit   .   E - +3 leather armour "Upiaghi" {rF+ rC++ Stlth+}
rPois   .          Reflect  .   i - +2 helmet
rElec   .          Harm     .   p - +2 cloak
rCorr   +          Rampage  .   r - +2 pair of gloves
Will    +....                   z - +2 pair of boots
Stlth   ++++++++..              C - amulet "Wemum" {rC+ rN+ Regen+ rCorr Str+2}
HPRegen 1.13/turn               q - ring of willpower
MPRegen 0.27/turn               s - ring of the Hare {EV+8}

@: weak-willed, studying 3 skills, lightly drained
A: reduced essence, small, no large weapons, nightstalker 3
}: 2/15 runes: barnacled, gossamer
a: Renounce Religion, Recall Ancestor, Ancestor Identity, Transference, Idealise


You were on level 3 of the Depths.
You worshipped Hepliaklqana.
Hepliaklqana was extremely pleased with you.
You visited 10 branches of the dungeon, and saw 44 of its levels.
You visited 1 bazaar.
You also visited: Gauntlet and Volcano.

You collected 7376 gold pieces.
You spent 6892 gold pieces at shops.

Inventory:

Hand Weapons
 x - a +9 triple crossbow of freezing (weapon)
Armour
 i - a +2 helmet (worn)
 p - a +2 cloak (worn)
 r - a +2 pair of gloves (worn)
 z - a +2 pair of boots (worn)
 E - the +3 leather armour "Upiaghi" (worn) {rF+ rC++ Stlth+}
   (You found it on level 3 of the Elven Halls)

   rF:        It protects you from fire.
   rC:        It greatly protects you from cold.
   Stlth:     It makes you more stealthy.
Jewellery
 b - a +6 ring of dexterity
 c - a +6 ring of intelligence
 j - the amulet of Wuikejin {RegenMP rElec rPois rF- Int+4}
   (You took it off a deep elf death mage on level 3 of the Elven Halls)

   [amulet of magic regeneration]

   It increases your rate of magic regeneration.
   Int:       It affects your intelligence (+4).
   rF:        It makes you vulnerable to fire.
   rElec:     It insulates you from electricity.
   rPois:     It protects you from poison.
 q - a ring of willpower (left hand)
 s - the ring of the Hare (right hand) {EV+8}
   (You took it off a deep elf high priest on level 3 of the Elven Halls)

   [ring of evasion]

   EV:        It affects your evasion (+8).
 A - a +6 ring of intelligence
 C - the amulet "Wemum" (around neck) {rC+ rN+ Regen+ rCorr Str+2}
   (You bought it in a shop on level 2 of the Elven Halls)

   [amulet of regeneration]

   Str:       It affects your strength (+2).
   rC:        It protects you from cold.
   rN:        It protects you from negative energy.
   Regen:     It increases your rate of health regeneration.
   rCorr:     It protects you from acid and corrosion.
 F - a ring of protection from fire
 S - a ring of see invisible
 Y - the amulet "Qefariwn" {Spirit Dex+2}
   (You found it on level 14 of the Dungeon)

   [amulet of guardian spirit]

   It causes incoming damage to be divided between your reserves of health and
   magic.
   Dex:       It affects your dexterity (+2).
Wands
 d - a wand of mindburst (29)
 m - a wand of charming (30)
 n - a wand of iceblast (28)
 u - a wand of flame (72)
 D - a wand of light (10)
Scrolls
 a - a scroll of brand weapon
 g - 27 scrolls of identify {!d}
 t - 20 scrolls of teleportation {!d}
 w - 5 scrolls of poison
 I - a scroll of fear {!r}
 P - 3 scrolls of magic mapping {!r!d}
 Q - 10 scrolls of fog
 R - 3 scrolls of torment
 T - 8 scrolls of immolation {!d}
 X - 6 scrolls of amnesia
 Z - a scroll of enchant armour
Potions
 f - 10 potions of might
 h - a potion of berserk rage {!q}
 k - 6 potions of flight
 l - 11 potions of lignification {!d}
 B - 9 potions of ambrosia {!q!d}
 G - 3 potions of attraction
 H - 9 potions of invisibility {!q!d}
 J - 4 potions of magic {!q!d}
 K - 7 potions of brilliance {!q!d}
 L - 8 potions of resistance {!q!d}
 N - 24 potions of curing {!q!d}
 O - 14 potions of haste {!q!d}
 U - 6 potions of mutation {!d}
 V - 5 potions of cancellation {!q!d}
Miscellaneous
 e - a condenser vane
 o - a phantom mirror
 y - a box of beasts
 W - a phial of floods (inert)


   Skills:
 - Level 15.0 Fighting
 - Level 26.0 Crossbows
 - Level 9.0 Armour
 - Level 20.0 Dodging
 - Level 15.0 Stealth
 * Level 14.9 Spellcasting
 - Level 21.0 Hexes
 - Level 7.2 Translocations
 - Level 9.0 Invocations
 - Level 17.0 Evocations


You had 24 spell levels left.
You knew the following spells:

 Your Spells              Type           Power      Damage    Failure   Level
a - Enfeeble              Hex            28%        N/A       1%          7
b - Discord               Hex            28%        N/A       11%         8
c - Disjunction           Tloc           13%        N/A       100%        8
d - Dispersal             Tloc           13%        N/A       56%         6

Your spell library contained the following spells:

 Spells                   Type           Power      Damage    Failure   Level
 Confusing Touch          Hex            56%        N/A       0%          3
 Blink                    Tloc           52%        N/A       1%          2
 Gell's Gravitas          Tloc           26%        N/A       1%          3
 Inner Flame              Hex/Fire       34%        N/A       1%          3
 Lesser Beckoning         Tloc           26%        N/A       1%          3
 Portal Projectile        Hex/Tloc       84%        N/A       1%          3
 Teleport Other           Tloc           26%        N/A       1%          3
 Anguish                  Hex/Necr       17%        N/A       1%          4
 Fulminant Prism          Conj/Hex       17%        3d11      1%          4
 Leda's Liquefaction      Hex/Erth       17%        N/A       1%          4
 Metabolic Englaciation   Hex/Ice        17%        N/A       3%          5
 Yara's Violent Unravell  Hex/Tmut       17%        3d8       3%          5
 Foxfire                  Conj/Fire      32%        2x1d5     9%          1
 Freeze                   Ice            32%        1d5       9%          1
 Magic Dart               Conj           32%        1d4       9%          1
 Sandblast                Erth           16%        2d6       9%          1
 Sting                    Tmut/Pois      32%        1d4       9%          1
 Manifold Assault         Tloc           26%        N/A       12%         5
 Passwall                 Tmut/Erth      6%         N/A       13%         2
 Poisonous Vapours        Pois/Air       16%        N/A       13%         2
 Scorch                   Fire           16%        2d5       13%         2
 Searing Ray              Conj           16%        2d5       13%         2
 Call Canine Familiar     Summ           8%         N/A       26%         3
 Conjure Flame            Conj/Fire      8%         6-21      26%         3
 Frozen Ramparts          Ice            16%        1d3       26%         3
 Ignite Poison            Fire/Tmut/Pois 8%         N/A       26%         3
 Mephitic Cloud           Conj/Pois/Air  8%         N/A       26%         3
 Ozocubu's Armour         Ice            8%         N/A       26%         3
 Stone Arrow              Conj/Erth      16%        3d8       26%         3
 Summon Forest            Summ/Tloc      8%         N/A       47%         5
 Airstrike                Air            4%         N/A       65%         4
 Corpse Rot               Necr/Pois/Air  8%         N/A       65%         4
 Flame Wave               Conj/Fire      8%         2d5       65%         4
 Hailstorm                Conj/Ice       8%         3d4       65%         4
 Ice Form                 Ice/Tmut       8%         N/A       65%         4
 Olgreb's Toxic Radiance  Pois           8%         N/A       65%         4
 Sticky Flame             Conj/Fire      8%         2d3       65%         4
 Summon Ice Beast         Ice/Summ       8%         N/A       65%         4
 Summon Lightning Spire   Summ/Air       8%         N/A       65%         4
 Freezing Cloud           Conj/Ice/Air   4%         6-21      94%         5
 Iskenderun's Battlesphe  Conj           8%         2d6       94%         5
 Lee's Rapid Deconstruct  Erth           4%         3d6*      94%         5
 Conjure Ball Lightning   Conj/Air       4%         3x3d6     100%        6
 Eringya's Noxious Bog    Tmut/Pois      4%         N/A       100%        6
 Iron Shot                Conj/Erth      4%         9d2       100%        6
 Simulacrum               Ice/Necr       4%         N/A       100%        6
 Statue Form              Tmut/Erth      5%         N/A       100%        6
 Summon Cactus Giant      Summ           4%         N/A       100%        6
 Ozocubu's Refrigeration  Ice            4%         4d5       100%        7
 Spellforged Servitor     Conj/Summ      4%         N/A       100%        7
 Storm Form               Tmut/Air       4%         N/A       100%        7
 Summon Hydra             Summ           4%         N/A       100%        7
 Maxwell's Capacitive Co  Air            4%         ∞         100%        8
 Polar Vortex             Ice            4%         N/A       100%        9


Dungeon Overview and Level Annotations

Branches:
Dungeon (15/15) Zot: 24561  Temple (1/1) D:4 Zot: 5973    Lair (6/6) D:11 Zot: 23855
 Shoals (4/4) Lair:2 Zot: 17671  Spider (4/4) Lair:2 Zot: 20119   Slime (0/5) Lair:5
    Orc (2/2) D:11 Zot: 9824     Elf (3/3) Orc:2 Zot: 13708  Vaults (4/5) D:14 Zot: 16988
  Crypt (1/3) Vaults:2 Zot: 5994  Depths (4/4) D:15 Zot: 20575     Zot (0/5) Depths:4
Volcano (visited)         Gauntlet (visited)

Altars:
Dithmenos
Elyvilon
Fedhas
Gozag
Hepliaklqana
Kikubaaqudgha
Nemelex Xobeh
Qazlal
Sif Muna
Trog
Uskayaw
Vehumet
Wu Jian
Xom
Yredelemnul
Zin
The Shining One
Beogh
Jiyva

Shops:
D:3 (   D:6 !   D:10 *   Orc:2 *?*(   Elf:2 :=:**   Elf:3 (?   Shoals:3 (
Shoals:4 *   Vaults:1 (   Vaults:2 *   Vaults:3 *   Depths:4 ![=

Portals:
Hell: Depths:1 Depths:2
Abyss: Depths:1 Depths:4
Pandemonium: Orc:2
Ziggurat: Depths:4

Annotations:
D:4 exclusion: ice beast, Blork the orc
Depths:3 the Enchantress


Innate Abilities, Weirdness & Mutations

Your life essence is reduced to manifest your ancestor. (-10% HP)
You are small and have problems with some larger weapons.
You are completely attuned to the shadows.


Message History

Teft hits the ice dragon with a +0 broad axe of speed!!
The Enchantress blocks Teft's attack.
Teft hits the brown very ugly thing with a +0 broad axe of speed.
The brown very ugly thing pecks Teft but does no damage.
The spriggan defender hits you with a +4 lajatang of pain!
* * * LOW HITPOINT WARNING * * *
Teft blocks the ice dragon's attack. x2
The ice dragon tramples Teft but does no damage.
Teft hits the ice dragon but does no damage.
Teft hits the brown very ugly thing with a +0 broad axe of speed!
Teft closely misses the spriggan defender.
Teft completely misses the Enchantress.
The Enchantress splashes around in the water.
Really read
I - 2 scrolls of fear {!r}?
As you read the scroll of fear {!r}, it crumbles to dust.
You assume a fearsome visage.
The Enchantress resists with almost no effort.
The spriggan defender resists with almost no effort.
The spriggan defender easily resists.
The spriggan easily resists.
The brown very ugly thing looks frightened!
The ice dragon looks frightened!
Teft hits the ice dragon with a +0 broad axe of speed!!!
The ice dragon dies!
Teft hits the spriggan defender with a +0 broad axe of speed!
Teft barely misses the Enchantress.
Teft hits the brown very ugly thing with a +0 broad axe of speed!!
The spriggan defender barely misses you.
The Enchantress closely misses you.
The spriggan defender completely misses you.
Teft barely misses the spriggan defender.
The Enchantress blocks Teft's attack.
Teft barely misses the spriggan.
Okay, then.
Aiming: Bolt of Light
Press: ? - help, Shift-Dir - straight line, f/p - the Enchantress
Aim: the Enchantress, wielding a +3 vorpal flail, wearing the +1 faerie dragon scales {Harm Rampage rCorr Int+3 Dex+2} and wearing a +2 buckler of protection (moderately wounded, fast, repelling missiles, waterlogged, 16% to hit)
The bolt of light misses the Enchantress.
Teft avoids your attack.
The bolt of light misses the brown very ugly thing.
The spriggan defender hits you with a +4 lajatang of pain!
You die...

≈≈...########≈.....
.≈.....≈...≈......≈≈.
.............≈≈≈≈.≈≈≈
...........≈≈≈≈≈≈.≈≈≈
..................≈≈≈
.............≈≈≈).≈≈≈
............≈≈)[(.≈≈.
...≈.......)i†ii.≈≈.
..≈.....#.u†Ri@....
#.≈≈≈≈.....
..≈≈≈≈.....
≈≈≈....#.. .........


You could see the friendly Teft the knight (fast, idealised), a brown very ugly
thing (fleeing), the Enchantress (fast, repels missiles, waterlogged), 2
spriggan defenders and a spriggan.

Vanquished Creatures
  Asterion (Spider:1)
  A deep elf master archer (Elf:3)
  Frances (Spider:1)
  2 deep elf blademasters (Elf:2)
  3 sphinxes
  A storm dragon (Depths:4)
  4 azure jellies (Lair:6)
  A draconian monk (Depths:4)
  2 tengu reavers
  Roxanne (Shoals:2)
  A frost giant (Depths:2)
  Ilsuiw (Shoals:4)
  5 fire giants
  5 deep elf sorcerers (Elf:3)
  An iron dragon (Depths:4)
  9 vault wardens
  3 orc warlords
  4 emperor scorpions
  Louise (Shoals:4)
  6 very ugly things
  4 spectral caustic shrikes (Depths:1)
  3 war gargoyles
  4 deep elf elementalists
  6 stone giants
  9 ironbound preservers
  A quicksilver ooze (Lair:6)
  A vampire knight (Depths:1)
  Azrael (Orc:2)
  A white draconian (Depths:4)
  A black draconian (Depths:4)
  9 ironbound thunderhulks
  2 deep elf demonologists (Elf:3)
  12 dire elephants
  A spark wasp (Depths:1)
  5 deep elf annihilators (Elf:3)
  A yellow draconian (Depths:4)
  2 entropy weavers
  3 crystal guardians
  6 deep elf death magi (Elf:3)
  13 merfolk impalers
  7 merfolk javelineers
  8 ettins
  A fire dragon (Depths:1)
  2 great orbs of eyes
  2 deep elf high priests (Elf:3)
  5 yaktaur captains
  11 vault guards
  7 hydras
  A rakshasa (Depths:2)
  3 peacekeepers
  An ogre mage (D:14)
  4 ice dragons
  4 radroaches
  A spriggan air mage (Depths:4)
  A demonspawn (Orc:2)
  8 boulder beetles
  2 jorogumos (Spider:4)
  5 alligator snapping turtles
  5 two-headed ogres
  12 centaur warriors
  A merfolk aquamancer (Shoals:3)
  A merfolk avatar (Shoals:2)
  6 ironbound frosthearts
  A catoblepas (Lair:2)
  22 dancing weapons
  3 satyrs
  3 tengu warriors
  3 death yaks
  5 deep troll earth magi
  A death knight (Vaults:2)
  2 orc high priests (Orc:2)
  4 death scarabs
  A soul eater (Orc:2)
  2 spriggan berserkers
  5 deep troll shamans
  Nergalle (D:12)
  Sonja (Orc:2)
  13 deep elf knights
  Amaemon (D:11)
  2 iron trolls
  3 skeletal warriors (D:12)
  A hell knight (Depths:4)
  2 sun moths
  9 sea snakes
  4 glowing orange brains
  3 steelbarb worms
  3 pharaoh ants
  A flayed ghost (Depths:2)
  8 deep elf archers
  4 orb spiders
  10 ironbound convokers
  A broodmother zombie (Spider:4)
  4 wizards
  35 deep trolls
  2 necromancers
  21 harpies
  5 orc knights
  3 phantasmal warriors
  6 lindwurms
  28 deep elf zephyrmancers
  3 oklob plants
  A human zombie (Vaults:1)
  27 deep elf pyromancers
  8 cyclopes
  2 fauns (shapeshifter)
  11 orc sorcerers
  11 manticores
  11 ugly things
  3 moths of wrath (Spider:4)
  9 wolf spiders
  14 fauns
  9 elephants
  4 water nymphs
  11 merfolk sirens
  Maurice (D:10)
  11 vault sentinels
  An elf zombie (Vaults:1)
  A gargoyle (D:9)
  2 torpor snails
  4 demonic crawlers
  9 cane toads
  A spectral redback (Spider:4)
  3 rime drakes
  2 tengu conjurers
  8 komodo dragons
  10 yaktaurs
  2 kobold demonologists (D:10)
  5 meliai
  A redback zombie (Spider:4)
  36 merfolk
  6 wind drakes
  3 spectral jumping spiders (Spider:4)
  6 trolls
  6 polar bears
  A spectral tarantella (Spider:4)
  28 tarantellas
  16 slime creatures
  A tyrant leech (shapeshifter) (Elf:3)
  A wind drake (shapeshifter) (Elf:1)
  4 blink frogs (Lair:5)
  A tarantella (shapeshifter) (D:15)
  9 dream sheep
  6 snapping turtles
  A tarantella zombie (Spider:4)
  2 air elementals (Elf:1)
  23 jumping spiders
  Sigmund (D:4)
  A spriggan (Depths:3)
  2 shadows
  18 culicivoras
  A ynoxinul (Orc:2)
  3 wraiths
  14 water elementals
  34 yaks
  A spriggan (shapeshifter) (D:15)
  Eustachio (D:4)
  A human (D:14)
  6 basilisks
  A basilisk (shapeshifter) (D:11)
  8 wyverns
  2 fire elementals
  A steam dragon (D:9)
  A vampire mosquito (D:11)
  30 redbacks
  3 wargs
  A floating eye (Depths:2)
  11 water moccasins
  3 hell hounds (Orc:2)
  35 orc warriors
  An ice beast (D:4)
  An elf simulacrum (Vaults:1)
  2 black bears
  A sky beast (D:6)
  16 wolves
  4 boggarts
  11 ogres
  4 centaurs
  A phantom (D:4)
  3 kobold brigands
  11 bullfrogs
  5 gnoll sergeants
  A necrophage (D:6)
  3 scorpions
  2 wights (D:10)
  18 killer bees
  2 howler monkeys
  5 electric eels
  5 jellies
  13 orc priests
  4 hounds
  Crazy Yiuf (D:5)
  A gnoll shaman (D:7)
  Jessica (D:2)
  15 orc wizards
  10 hell rats
  An iguana (D:4)
  A yak simulacrum (Lair:6)
  3 wolf simulacra (Lair:6)
  16 gnolls
  6 adders
  A shadow imp (D:7)
  A white imp (D:6)
  2 worms (D:2)
  4 dart slugs
  54 orcs
  4 bats
  8 endoplasms
  3 giant cockroaches
  9 goblins
  11 hobgoblins
  4 jackals (D:4)
  7 quokkas
  4 ball pythons
  6 frilled lizards
  5 kobolds
  4 rats
  A river rat simulacrum (Lair:6)
  A spectral kobold (D:14)
1270 creatures vanquished.

Vanquished Creatures (collateral kills)
  Vv (Depths:4)
  Margery (Depths:4)
  A caustic shrike (Depths:2)
  Jory (Depths:3)
  2 deep elf master archers (Elf:3)
  A deep elf blademaster (Elf:2)
  A sphinx (Vaults:3)
  A shadow dragon (Depths:3)
  Kirke (Spider:1)
  A tengu reaver (Depths:1)
  An azure jelly (Lair:6)
  A storm dragon (Depths:4)
  A draconian knight (Depths:4)
  2 fire giants
  2 frost giants (Depths:3)
  A ghost moth (Spider:4)
  2 vault wardens
  An emperor scorpion (Spider:4)
  A deep elf elementalist (Elf:3)
  4 ironbound preservers
  A spriggan defender (Depths:3)
  7 very ugly things
  2 ironbound thunderhulks (Vaults:4)
  2 broodmothers
  4 stone giants
  3 vampire knights
  A black draconian (Depths:4)
  4 entropy weavers
  A deep elf demonologist (Elf:3)
  2 deep elf annihilators (Elf:3)
  A purple draconian (Depths:4)
  A white draconian (Depths:4)
  6 spark wasps
  7 dire elephants
  A deep elf death mage (Elf:3)
  2 merfolk javelineers (Shoals:4)
  5 merfolk impalers
  6 fire dragons
  5 yaktaur captains
  A peacekeeper (Vaults:4)
  2 boulder beetles
  4 ice dragons
  4 ironbound frosthearts
  A catoblepas (Lair:6)
  6 vault guards
  A demonspawn (Orc:2)
  3 centaur warriors
  6 hydras
  A radroach (Spider:4)
  6 spriggan air magi
  2 merfolk avatars
  A jorogumo (Spider:2)
  A two-headed ogre (D:13)
  An ogre mage (D:15)
  3 tengu warriors
  2 merfolk aquamancers (Shoals:4)
  A satyr (Shoals:3)
  3 death scarabs (Spider:4)
  A vampire mage (Vaults:2)
  5 death yaks
  6 dancing weapons
  7 deep troll earth magi
  8 slime creatures
  3 deep troll shamans
  2 spriggan berserkers
  Urug (D:10)
  9 deep elf knights
  5 hell knights (Depths:4)
  A spriggan (Depths:3)
  4 iron trolls
  2 skeletal warriors (D:12)
  Lodul (D:10)
  A flayed ghost (D:14)
  A steelbarb worm (Lair:2)
  4 pharaoh ants (Spider:4)
  A sea snake (shapeshifter) (D:13)
  5 glowing orange brains
  22 deep trolls
  2 sea snakes
  4 orb spiders
  A spectral wolf spider (Spider:4)
  4 deep elf archers
  An ironbound convoker (Vaults:4)
  A necromancer (Depths:4)
  6 harpies
  3 wizards
  5 orc knights
  9 deep elf zephyrmancers
  8 deep elf pyromancers
  2 lindwurms
  9 ugly things
  2 orc sorcerers
  8 wolf spiders
  8 manticores
  A moth of wrath (Spider:1)
  2 fauns (Shoals:3)
  3 cyclopes
  4 merfolk sirens
  6 elephants
  3 vault sentinels
  A water nymph (Shoals:3)
  2 gargoyles
  A torpor snail (Spider:1)
  2 orange demons
  3 cane toads (Lair:2)
  5 yaktaurs
  A rime drake (Lair:5)
  An unseen horror (D:12)
  2 demonic crawlers
  A freezing wraith (D:14)
  3 komodo dragons
  A tengu conjurer (D:15)
  2 wind drakes
  A polar bear (Lair:4)
  8 merfolk
  A queen bee (D:14)
  A spectral culicivora (Spider:4)
  2 spectral tarantellas (Spider:4)
  4 meliai
  2 hornets
  6 dream sheep
  A snapping turtle (Shoals:4)
  12 tarantellas
  A culicivora zombie (Spider:4)
  A jumping spider zombie (Spider:4)
  A tarantella zombie (Spider:4)
  9 jumping spiders
  An air elemental (Elf:1)
  12 culicivoras
  A shadow (D:11)
  2 wraiths (D:14)
  17 yaks
  9 water elementals
  5 basilisks
  4 wyverns
  2 fire elementals (Orc:2)
  31 redbacks
  2 acid dragons
  A warg (Orc:2)
  4 water moccasins
  2 hell hounds (Orc:2)
  9 orc warriors
  3 sky beasts (D:7)
  A black bear (D:7)
  An ice beast (D:8)
  8 ogres
  3 boggarts
  2 human skeletons (Vaults:1)
  9 centaurs (D:11)
  5 wolves
  2 kobold brigands (D:10)
  A bullfrog (D:8)
  2 wights (D:10)
  14 killer bees
  A howler monkey (D:11)
  4 electric eels
  3 jellies (Lair:6)
  A hound (D:7)
  8 orc priests
  6 orc wizards
  A hell rat (Lair:4)
  A yak simulacrum (Lair:6)
  A polar bear simulacrum (Lair:6)
  2 wolf simulacra (Lair:6)
  2 gnolls
  A shadow imp (D:7)
  10 orcs
  A kobold (D:10)
  2 river rat simulacra (Lair:6)
  2 butterflies (Lair:2)
592 creatures vanquished.

Vanquished Creatures (others)
  A deep elf master archer (Elf:3)
  A stone giant (Vaults:3)
  A yaktaur captain (Vaults:4)
  A centaur warrior (Vaults:2)
  A dancing weapon (Elf:2)
  A deep elf archer (Elf:3)
  A deep elf zephyrmancer (Elf:3)
  2 humans (Spider:1)
  A redback (Spider:3)
  A warg (Orc:2)
  A killer bee (D:14)
  An ancestor (D:7)
  25 knights
  2 bushes (Lair:3)
  9 demonic plants (Gauntlet)
  33 fungi
  93 plants
175 creatures vanquished.

Grand Total: 2037 creatures vanquished

Notes
Turn   | Place    | Note
-------+----------+-------------------------------------------
     0 | D:1      | buhh the Kobold Hunter began the quest for the Orb.
     0 | D:1      | Reached XP level 1. HP: 12/12 MP: 1/1
    86 | D:1      | Reached XP level 2. HP: 18/18 MP: 2/2
   870 | D:2      | Reached XP level 3. HP: 22/22 MP: 3/3
  1209 | D:2      | Noticed Jessica
  1211 | D:2      | Killed Jessica
  1212 | D:2      | Reached skill level 6 in Crossbows
  1212 | D:2      | Reached XP level 4. HP: 18/28 MP: 4/4
  1710 | D:3      | Identified the +6 whip of Balance {flame, *Rage rC+ Dex+5}
  1719 | D:3      | Found a faded altar of an unknown god.
  1727 | D:3      | Got Plato's Reference Book on the Arsonist
  1869 | D:3      | Reached XP level 5. HP: 32/32 MP: 5/5
  1915 | D:3      | Found an opulent altar of Gozag.
  1930 | D:3      | Found Imaer's Antique Weapon Shop.
  2174 | D:4      | Noticed Sigmund
  2224 | D:4      | You fall into a shaft and drop 3 floors!
  2433 | D:6      | Found an ornate altar of the Wu Jian Council.
  2436 | D:6      | Found a sparkling altar of Nemelex Xobeh.
  2440 | D:6      | Found a glowing silver altar of Zin.
  2539 | D:5      | Entered Level 5 of the Dungeon
  2595 | D:5      | Found a runed translucent door.
  2598 | D:5      | Noticed Crazy Yiuf
  3063 | D:5      | Reached XP level 6. HP: 24/38 MP: 6/6
  3283 | D:5      | Reached skill level 7 in Crossbows
  3755 | D:5      | Found a basalt altar of Yredelemnul.
  4039 | D:5      | Reached XP level 7. HP: 29/43 MP: 7/7
  4500 | D:4      | Found a white marble altar of Elyvilon.
  4500 | D:4      | Found a stormy altar of Qazlal.
  4502 | D:4      | Noticed Blork the orc
  4588 | D:4      | Reached skill level 8 in Crossbows
  4870 | D:4      | Found a staircase to the Ecumenical Temple.
  4876 | Temple   | Entered the Ecumenical Temple
  4892 | Temple   | Became a worshipper of Hepliaklqana the Forgotten
  5118 | D:4      | Noticed Eustachio
  5160 | D:4      | Killed Eustachio
  5161 | D:4      | Reached skill level 9 in Crossbows
  5215 | D:4      | Reached XP level 8. HP: 44/49 MP: 8/8
  5428 | D:4      | Reached skill level 10 in Crossbows
  6687 | D:6      | Found Huhust's Distillery.
  6692 | D:6      | Bought a potion of brilliance for 52 gold pieces
  6692 | D:6      | Bought a potion of flight for 39 gold pieces
  6894 | D:7      | Reached * piety under Hepliaklqana
  6918 | D:7      | Reached XP level 9. HP: 53/53 MP: 9/9
  8166 | D:8      | Reached ** piety under Hepliaklqana
  8167 | D:8      | Remembered your ancestor Teft as a knight
  9362 | D:9      | Noticed a hornet
  9498 | D:9      | Found a bloodstained altar of Trog.
  9583 | D:9      | Noticed a two-headed ogre
  9596 | D:9      | Killed a two-headed ogre
  9597 | D:9      | Reached skill level 12 in Crossbows
  9597 | D:9      | Reached XP level 10. HP: 11/61 MP: 10/10
  9789 | D:9      | Noticed a gargoyle
  9798 | D:9      | Killed a gargoyle
  9839 | D:9      | Reached skill level 13 in Crossbows
 10150 | D:9      | Reached *** piety under Hepliaklqana
 10366 | D:10     | Entered Level 10 of the Dungeon
 10436 | D:10     | Noticed Lodul
 10439 | D:10     | Reached skill level 14 in Crossbows
 10576 | D:10     | Noticed Maurice
 10588 | D:10     | Killed Maurice
 10625 | D:10     | Reached skill level 15 in Crossbows
 10630 | D:10     | Killed Lodul
 10649 | D:10     | Reached XP level 11. HP: 45/65 MP: 11/11
 10872 | D:10     | Found Bituar's General Store.
 10878 | D:10     | Bought a scroll of identify for 24 gold pieces
 10901 | D:10     | Reached skill level 16 in Crossbows
 11220 | D:10     | Reached skill level 17 in Crossbows
 11516 | D:11     | Found a gate leading to a gauntlet.
 11522 | Gauntlet | Entered a Gauntlet
 11522 | Gauntlet | Found a transporter.
 11528 | Gauntlet | Found a transporter.
 11541 | Gauntlet | Noticed a fire crab
 11568 | Gauntlet | Found a transporter.
 11572 | Gauntlet | Noticed a catoblepas
 11581 | Gauntlet | Found a transporter.
 11594 | Gauntlet | Found a transporter.
 11608 | Gauntlet | Noticed a wretched star
 11623 | Gauntlet | Found a transporter.
 11623 | Gauntlet | Found a transporter.
 11636 | Gauntlet | Found a transporter.
 11645 | Gauntlet | Noticed a sixfirhy
 11647 | Gauntlet | Noticed a sixfirhy
 11647 | Gauntlet | Noticed a sixfirhy
 11658 | Gauntlet | Reached **** piety under Hepliaklqana
 11660 | Gauntlet | Noticed a sixfirhy
 11710 | Gauntlet | Found a transporter.
 11710 | Gauntlet | Found a transporter.
 11820 | D:11     | Noticed a cyclops
 11973 | D:11     | Noticed Amaemon
 11993 | D:11     | Reached skill level 18 in Crossbows
 12301 | D:3      | Bought a glowing triple crossbow for 247 gold pieces
 12332 | D:4      | Killed Sigmund
 12473 | D:5      | Killed Crazy Yiuf
 12609 | D:9      | Paralysed by a hornet for 3 turns
 12675 | D:11     | Noticed a death yak
 12685 | D:11     | Killed a death yak
 12821 | D:11     | Found a staircase to the Lair.
 12821 | D:11     | Noticed a death yak
 12826 | D:11     | Noticed a death yak
 12912 | D:10     | Killed a death yak
 13287 | D:11     | Reached skill level 19 in Crossbows
 13371 | D:11     | Killed a death yak
 13457 | D:11     | Reached XP level 12. HP: 71/71 MP: 12/12
 13466 | D:11     | Found a staircase to the Orcish Mines.
 13470 | D:11     | Reached skill level 20 in Crossbows
 13844 | D:10     | Noticed Urug
 13853 | D:10     | Killed Urug
 14176 | D:11     | Killed Amaemon
 14408 | D:11     | Noticed a five-headed hydra
 14427 | D:11     | Reached skill level 21 in Crossbows
 14467 | D:11     | Noticed a seven-headed hydra
 14476 | D:11     | Killed a seven-headed hydra
 14741 | D:11     | Killed a five-headed hydra
 14871 | Lair:1   | Entered Level 1 of the Lair of Beasts
 15055 | Lair:1   | Found a dark tunnel.
 15062 | Volcano  | Entered a volcano
 15076 | Volcano  | Noticed a fire crab
 15367 | Lair:1   | Reached XP level 13. HP: 74/74 MP: 13/13
 15374 | Lair:1   | Reached ***** piety under Hepliaklqana
 15457 | Lair:1   | Noticed a boulder beetle
 15466 | Lair:1   | Killed a boulder beetle
 15493 | Lair:1   | Found a hide-covered altar of Uskayaw.
 15495 | Lair:1   | Found an ornate altar of the Wu Jian Council.
 15808 | Lair:2   | Noticed a boulder beetle
 15861 | Lair:2   | Reached skill level 22 in Crossbows
 16583 | Lair:2   | Identified the amulet "Qopikk" {Reflect rF- rC+ Int+4 SH+5}
 16869 | Lair:2   | Noticed a five-headed hydra
 16875 | Lair:2   | Killed a five-headed hydra
 17109 | Lair:2   | Noticed a catoblepas
 17581 | Lair:2   | Noticed a seven-headed hydra
 17816 | Lair:3   | Reached skill level 11 in Fighting
 18403 | Lair:3   | Noticed a seven-headed hydra
 18583 | Lair:2   | Found a staircase to the Shoals.
 18619 | Lair:2   | Killed a seven-headed hydra
 18650 | Lair:2   | Found a blossoming altar of Fedhas.
 18753 | Lair:2   | Found a hole to the Spider Nest.
 19321 | Lair:3   | Reached XP level 14. HP: 76/82 MP: 17/17
 19459 | Lair:4   | Reached skill level 11 in Dodging
 21113 | Lair:5   | Reached ****** piety under Hepliaklqana
 22176 | Lair:5   | Found a viscous altar of Jiyva.
 22176 | Lair:5   | Found a staircase to the Slime Pits.
 22310 | Lair:6   | Entered Level 6 of the Lair of Beasts
 22922 | Lair:6   | Reached XP level 15. HP: 86/86 MP: 21/21
 23057 | Lair:6   | Reached skill level 15 in Dodging
 23371 | Lair:6   | Reached skill level 23 in Crossbows
 23506 | Lair:6   | Noticed an azure jelly
 23506 | Lair:6   | Noticed an azure jelly
 24572 | D:12     | Noticed Nergalle
 24576 | D:12     | Killed Nergalle
 24662 | D:12     | Reached skill level 24 in Crossbows
 24829 | D:12     | Found a shimmering blue altar of Sif Muna.
 26356 | D:14     | Found a hazy altar of Hepliaklqana.
 26642 | D:14     | Reached skill level 25 in Crossbows
 26732 | D:14     | Reached XP level 16. HP: 90/90 MP: 22/22
 26968 | D:14     | Reached skill level 26 in Crossbows
 27499 | D:14     | Found a gate to the Vaults.
 27561 | D:14     | Identified the amulet "Qefariwn" {Spirit Dex+2}
 27584 | D:15     | Entered Level 15 of the Dungeon
 27817 | D:15     | Found a staircase to the Depths.
 29052 | Orc:1    | Entered Level 1 of the Orcish Mines
 29325 | Orc:2    | Entered Level 2 of the Orcish Mines
 29454 | Orc:2    | Noticed Azrael
 29466 | Orc:2    | Killed Azrael
 29748 | Orc:2    | Noticed Sonja
 29750 | Orc:2    | Killed Sonja
 29981 | Orc:2    | Found Zuox's General Store.
 29985 | Orc:2    | Found Duruss's Magic Scroll Shoppe.
 29988 | Orc:2    | Bought a scroll of teleportation for 42 gold pieces
 29988 | Orc:2    | Bought a potion of brilliance for 56 gold pieces
 29990 | Orc:2    | Bought a scroll of teleportation for 42 gold pieces
 29990 | Orc:2    | Bought a scroll of enchant weapon for 105 gold pieces
 29990 | Orc:2    | Bought a scroll of fear for 49 gold pieces
 29990 | Orc:2    | Bought a scroll of teleportation for 42 gold pieces
 29990 | Orc:2    | Bought a scroll of teleportation for 42 gold pieces
 29990 | Orc:2    | Bought a scroll of teleportation for 42 gold pieces
 29990 | Orc:2    | Bought a scroll of identify for 28 gold pieces
 29990 | Orc:2    | Bought a scroll of identify for 28 gold pieces
 30013 | Orc:2    | Reached XP level 17. HP: 99/99 MP: 23/23
 30197 | Orc:2    | Paralysed by an orc sorcerer for 3 turns
 30206 | Orc:2    | Found Kawuozel's Jewellery Boutique.
 30206 | Orc:2    | Found Toomil's Antique Weapon Shop.
 30207 | Orc:2    | Found a one-way gate leading to the halls of Pandemonium.
 30267 | Orc:2    | Found Qaol's General Store.
 30272 | Orc:2    | Bought a scroll of identify for 32 gold pieces
 30272 | Orc:2    | Bought a scroll of blinking for 120 gold pieces
 30353 | Orc:2    | Found a staircase to the Elven Halls.
 31235 | Spider:1 | Entered Level 1 of the Spider Nest
 31266 | Spider:1 | Noticed Frances
 32135 | Lair:6   | Reached skill level 11 in Stealth
 32825 | Shoals:1 | Entered Level 1 of the Shoals
 34009 | Shoals:2 | Reached skill level 15 in Stealth
 34173 | Shoals:2 | Reached XP level 18. HP: 105/105 MP: 24/24
 34196 | Shoals:2 | Found a shimmering altar of Xom.
 34341 | Shoals:2 | Noticed Roxanne
 34355 | Shoals:2 | Killed Roxanne
 35553 | Shoals:3 | Reached skill level 15 in Fighting
 35559 | Shoals:3 | Reached skill level 11 in Evocations
 36091 | Shoals:3 | Found Zoerut's Weapon Emporium.
 36485 | Shoals:4 | Entered Level 4 of the Shoals
 36502 | Shoals:4 | Noticed Ilsuiw
 37117 | Shoals:4 | Found Osujefe's CLEARANCE SALE!.
 37122 | Shoals:4 | Bought a scroll of blinking for 30 gold pieces
 37170 | Shoals:4 | Killed Ilsuiw
 37677 | Shoals:4 | Noticed Louise
 37685 | Shoals:4 | Killed Louise
 37912 | Shoals:4 | Reached XP level 19. HP: 102/111 MP: 25/25
 38036 | Shoals:4 | Reached skill level 15 in Evocations
 38234 | Shoals:4 | Got a barnacled rune of Zot
 38482 | Shoals:4 | Reached skill level 18 in Dodging
 38704 | Shoals:4 | Identified the +1 ring mail "Ereutsot" {rCorr Int+4}
 39085 | Vaults:1 | Entered Level 1 of the Vaults
 39421 | Vaults:1 | Found Ibawk's Antique Weapon Shoppe.
 40753 | Vaults:1 | Upgraded the game from 0.29-a0-668-g12ee2bf84d to
                  | 0.29-a0-676-ga64570c9d2
 41011 | Elf:1    | Entered Level 1 of the Elven Halls
 41035 | Elf:1    | Reached XP level 20. HP: 95/116 MP: 23/26
 41195 | Elf:1    | Paralysed by an air elemental for 1 turns
 41222 | Elf:1    | Identified the +3 kite shield of Mafa Ymn {Harm Int+3}
 42113 | Elf:2    | Found Ciocroqax's Assorted Antiques.
 42123 | Elf:2    | Bought a scroll of fog for 72 gold pieces
 42123 | Elf:2    | Bought a scroll of fog for 72 gold pieces
 42123 | Elf:2    | Bought a scroll of blinking for 270 gold pieces
 42123 | Elf:2    | Bought a scroll of enchant weapon for 270 gold pieces
 42123 | Elf:2    | Bought a scroll of fog for 72 gold pieces
 42178 | Elf:2    | Found Dabosh's Book Boutique.
 42178 | Elf:2    | Found Nummafeh's Book Boutique.
 42179 | Elf:2    | Found Lage's Jewellery Shoppe.
 42184 | Elf:2    | Bought a book of Chaos for 650 gold pieces
 42186 | Elf:2    | Bought the amulet "Wemum" {rC+ rN+ Regen+ rCorr Str+2} for
                  | 928 gold pieces
 42293 | Elf:2    | Found Huinim Xiem's General Store.
 42300 | Elf:2    | Bought a scroll of magic mapping for 38 gold pieces
 42300 | Elf:2    | Bought a scroll of blinking for 82 gold pieces
 42300 | Elf:2    | Bought a scroll of teleportation for 33 gold pieces
 42300 | Elf:2    | Bought a potion of brilliance for 44 gold pieces
 42450 | Elf:2    | Found a runed translucent gate.
 42451 | Elf:2    | Found a runed translucent gate.
 42452 | Elf:2    | Found a runed translucent gate.
 43042 | Elf:3    | Entered Level 3 of the Elven Halls
 43173 | Elf:3    | Reached XP level 21. HP: 106/120 MP: 33/33
 43317 | Elf:3    | Found an ancient bone altar of Kikubaaqudgha.
 43420 | Elf:3    | Found Weatug's Magic Scroll Shoppe.
 43425 | Elf:3    | Bought a scroll of teleportation for 54 gold pieces
 43425 | Elf:3    | Bought a scroll of enchant weapon for 135 gold pieces
 43425 | Elf:3    | Bought a scroll of teleportation for 54 gold pieces
 43425 | Elf:3    | Bought a scroll of teleportation for 54 gold pieces
 43624 | Elf:3    | Reached skill level 11 in Hexes
 43656 | Elf:3    | Found a radiant altar of Vehumet.
 43734 | Elf:3    | Found Cenav's Weapon Shoppe.
 44663 | Elf:3    | Identified the amulet of Wuikejin {RegenMP rElec rPois rF-
                  | Int+4}
 44786 | Elf:3    | Got Qiribrod's Almanac of Weightlessness
 44794 | Elf:3    | Got the Papyrus of Hexes and Ice
 44829 | Elf:3    | Identified the +3 leather armour "Upiaghi" {rF+ rC++
                  | Stlth+}
 44845 | Elf:3    | Identified the +0 plate armour "Reril" {Int+2 Stlth+}
 44892 | Elf:3    | Identified the +1 robe "Sekhan" {Dex+2}
 45959 | Vaults:2 | Found Rogunap's General Store.
 45966 | Vaults:2 | Bought a potion of invisibility for 152 gold pieces
 46238 | Vaults:2 | Found a staircase to the Crypt.
 46240 | Vaults:2 | Reached XP level 22. HP: 126/126 MP: 34/34
 46484 | Vaults:2 | Reached skill level 15 in Hexes
 47066 | Vaults:2 | Learned a level 7 spell: Enfeeble
 47075 | Vaults:2 | Learned a level 8 spell: Discord
 47084 | Vaults:2 | Learned a level 8 spell: Disjunction
 47091 | Vaults:2 | Learned a level 6 spell: Dispersal
 48429 | Vaults:3 | Found Difon's Assorted Antiques.
 48433 | Vaults:3 | Bought a potion of haste for 330 gold pieces
 48433 | Vaults:3 | Bought 2 potions of curing for 198 gold pieces
 48433 | Vaults:3 | Bought a glowing glass ring for 165 gold pieces
 49072 | Vaults:4 | Reached skill level 18 in Hexes
 49431 | Vaults:4 | Reached XP level 23. HP: 128/129 MP: 35/35
 50775 | Spider:1 | Killed Frances
 50823 | Spider:1 | Noticed Asterion
 50837 | Spider:1 | Killed Asterion
 50870 | Spider:1 | Noticed Kirke
 50877 | Spider:1 | Killed Kirke
 51091 | Spider:1 | Reached skill level 11 in Spellcasting
 53548 | Spider:4 | Entered Level 4 of the Spider Nest
 53555 | Spider:4 | Reached XP level 24. HP: 79/135 MP: 39/39
 54426 | Spider:4 | Got a gossamer rune of Zot
 54853 | Crypt:1  | Entered Level 1 of the Crypt
 55009 | Depths:1 | Entered Level 1 of the Depths
 55498 | Depths:1 | Identified the +7 plate armour of the Tick {Will+}
 55841 | Depths:1 | Found a one-way gate to the infinite horrors of the Abyss.
 56141 | Depths:1 | Found a gateway to Hell.
 56612 | Depths:2 | Found a shimmering altar of Xom.
 56613 | Depths:2 | Found a glowing golden altar of the Shining One.
 56614 | Depths:2 | Found a shimmering blue altar of Sif Muna.
 56614 | Depths:2 | Found a shadowy altar of Dithmenos.
 56629 | Depths:2 | Noticed a caustic shrike
 56646 | Depths:2 | Killed a caustic shrike
 56762 | Depths:2 | Reached XP level 25. HP: 139/139 MP: 40/40
 56783 | Depths:2 | You fall into a shaft and drop 2 floors!
 56783 | Depths:4 | Entered Level 4 of the Depths
 56847 | Depths:4 | Found a flickering gateway to a bazaar.
 56854 | Bazaar   | Entered a bazaar
 56854 | Bazaar   | Found Genniluv's General Store.
 56854 | Bazaar   | Found Viysh's Distillery.
 56856 | Bazaar   | Found Qiqomiol's Assorted Antiques.
 56866 | Bazaar   | Found Wowkeoph's Book Boutique.
 56882 | Bazaar   | Found Esorr's Distillery.
 56884 | Bazaar   | Bought a manual of Armour for 720 gold pieces
 56890 | Bazaar   | Bought a potion of might for 40 gold pieces
 56890 | Bazaar   | Bought 2 potions of heal wounds for 100 gold pieces
 56890 | Bazaar   | Bought a potion of haste for 100 gold pieces
 56890 | Bazaar   | Bought a potion of might for 40 gold pieces
 56890 | Bazaar   | Bought a potion of heal wounds for 50 gold pieces
 56896 | Bazaar   | Bought a potion of haste for 110 gold pieces
 56896 | Bazaar   | Bought a potion of heal wounds for 55 gold pieces
 56896 | Bazaar   | Bought a potion of might for 44 gold pieces
 56896 | Bazaar   | Bought a potion of haste for 110 gold pieces
 56896 | Bazaar   | Bought a potion of invisibility for 88 gold pieces
 56896 | Bazaar   | Bought a potion of heal wounds for 55 gold pieces
 56896 | Bazaar   | Bought a potion of curing for 33 gold pieces
 56939 | Bazaar   | Bought a scroll of summoning for 85 gold pieces
 56941 | Bazaar   | Bought a potion of invisibility for 72 gold pieces
 56941 | Bazaar   | Bought a potion of mutation for 72 gold pieces
 56941 | Bazaar   | Bought a ring of protection from cold for 225 gold pieces
 56952 | Bazaar   | Bought a potion of mutation for 200 gold pieces
 57343 | Depths:4 | Noticed Vv
 57358 | Depths:4 | Killed Vv
 57455 | Depths:4 | Found a one-way gateway to a ziggurat.
 57523 | Depths:4 | Found Qeph's Jewellery Shop.
 57525 | Depths:4 | Found Dytsaad's Armour Shop.
 57525 | Depths:4 | Found Asostata's Armour Boutique.
 57528 | Depths:4 | Found Loicexeq's Distillery.
 57580 | Depths:4 | Noticed Margery
 57584 | Depths:4 | Killed Margery
 58016 | Depths:4 | Found a gate to the Realm of Zot.
 58279 | Depths:3 | Noticed Jory
 58290 | Depths:3 | Killed Jory
 58327 | Depths:3 | Found a sparkling altar of Nemelex Xobeh.
 58507 | Depths:3 | Noticed the Enchantress
 58517 | Depths:3 | HP: 6/136 [spriggan defender/+4 lajatang of pain[the
                  | Enchantress] (2)]
 58520 | Depths:3 | Slain by a spriggan defender

Illustrated notes

Levels and vault maps discovered:
D:1:      dpeg_arrival_pits, layout_basic
D:2:      layout_rooms, serial_aquarium, aquarium_bridge_long_separate
          [aquarium_subvault_bridge, aquarium_subvault_balcony,
          aquarium_subvault_wall, aquarium_subvault_bridge,
          aquarium_subvault_wall, aquarium_subvault_window],
          aquarium_window_corridor_2, aquarium_window_fake, aquarium_view_2c,
          aquarium_view_2e, aquarium_balcony_1b, uniq_jessica
D:3:      layout_rooms, mainiacjoe_overflow_alcove_1,
          shapermc_ecumenical_altar_rom_forum, serial_shops,
          nicolae_shop_statue_plus
D:4:      layout_basic, nicolae_overflow_hidden_temple,
          minmay_temple_entry_offerings, uniq_sigmund, uniq_eustachio,
          uniq_blork_the_orc
D:5:      layout_loops_corners, kennysheep_mini_moat, uniq_crazy_yiuf_cottage
D:6:      layout_gridville, grunt_temple_overflow_diamond, serial_shops,
          nicolae_shop_waterfront
D:7:      layout_basic
D:8:      layout_layer_cave
D:9:      layout_rooms, trog_hazing_becter, serial_co_window_serial,
          co_window_corner_a, co_window_paths_b, co_window_corner_a,
          co_window_corner_a, co_window_paths_a, co_window_cross_1,
          co_window_paths_b, co_window_paths_c, co_window_broadway_b,
          co_window_corner_cb, co_window_of_opportunity_c, co_window_4corner_a,
          glass_columns_b, glass_columns_a, glass_columns_a,
          unseen_surprise_small
D:10:     layout_basic, serial_shops, kennysheep_little_box, uniq_urug,
          uniq_lodul, uniq_maurice
D:11:     layout_basic, dpeg_lair_monsters,
          kennysheep_orc_monster_closet_entryway, gauntlet_entry_generic,
          minmay_bent, uniq_amaemon
D:12:     layout_loops_ring, kennysheep_orc_sif_temple, uniq_nergalle
D:13:     layout_gridville
D:14:     regret_index_bee_streams, layout_long_grid,
          grunt_vaults_entry_fortified, hangedman_decor_growths,
          nicolae_hepliaklqana_monster_ancestors
D:15:     hangedman_depths_entry_civil_slaughter, layout_grid_maze,
          grunt_ministairs_13, corexii_leaking_fountain
Temple:   nicolae_temple_great_sept
Lair:1:   layout_regular_city, nicolae_volcano_entry_s_turn,
          nzn_masters_of_martial_movement
Lair:2:   layout_roguey, elwin_shoals_entry_rooms, dummy_spider_entry,
          hangedman_tree_tricks, lemuel_fruit_fields
Lair:3:   layout_loops_ring, nicolae_lair_grazing_beasts
          [nicolae_sub_lair_graze_edge, nicolae_sub_lair_graze_edge,
          nicolae_sub_lair_graze_edge, nicolae_sub_lair_graze_edge],
          grunt_megastairs_2, serial_bayou_shore_b
Lair:4:   layout_cellular_growth, special_room [special_room_mythical_zoo],
          kilobyte_rumbling_trees
Lair:5:   layout_long_grid, dpeg_slime_entry_enclosed,
          grunt_forest_small_clearings
Lair:6:   grunt_lair_end_beastmaster, layout_layer_cave, special_room
          [special_room_jelly], eino_house_with_fridge,
          infiniplex_staircase_pool_2, wad_woods_river_01
Shoals:1: layout_shoals
Shoals:2: layout_shoals, nicolae_shoals_nautilus_by_nature,
          lemuel_altar_in_water, uniq_roxanne
Shoals:3: layout_shoals, nicolae_take_the_stairs, nicolae_shoals_seven_spires
Shoals:4: shoals_end_simple, layout_shoals, shoals_ilsuiw_ice,
          nicolae_shop_clearance, uniq_louise
Spider:1: layout_spider_delve, spiders_nest_hornet_nest, uniq_asterion,
          uniq_frances, uniq_kirke
Spider:2: layout_spider_delve, hangedman_spider_mandibles
Spider:3: layout_chambers, nicolae_spider_nooks_and_crannies
Spider:4: floodkiller_spider_rune_tomb, drop_trap
Orc:1:    layout_caves
Orc:2:    pf_orc_diabolical, layout_caves, basic_altar, serial_shops,
          nicolae_diamond_shop, lemuel_statue_altar, uniq_azrael, uniq_sonja
Elf:1:    minmay_elf_arrival_circle, layout_loops_ring,
          minmay_elf_crystal_hexagon
Elf:2:    nicolae_elf_blades_splatter_lattice [nicolae_blade_bullseye],
          layout_gridlike, serial_shops, nicolae_square_shop,
          nicolae_shop_crystal, minmay_shop_grove
Elf:3:    minmay_elf_hall_circle, layout_onion_city, serial_shops, shop,
          nicolae_diamond_shop, hangedman_feature_mirror
Vaults:1: nicolae_vaults_big_angled_halls, v_rooms_5,
          nicolae_vaults_shelves_hall, v_alt_pattern_6, v_misc_29,
          layout_vaults_omnigrid, serial_shops, shop
Vaults:2: ontoclasm_vaults_hangar, ontoclasm_vaults_decontamination,
          nicolae_vaults_triangles, minmay_crypt_entry_simple_plaza,
          ontoclasm_vaults_ring_small, st_cross,
          nicolae_vaults_little_squares_6, nicolae_vaults_little_ls,
          layout_vaults_ring, serial_shops,
          nicolae_shop_temple_entry_statues_fountains
Vaults:3: st_quartered_hall, hangedman_vaults_river_flow,
          ontoclasm_vaults_ligature, nicolae_vaults_specimen_jars,
          hangedman_vaults_stagger, ontoclasm_vaults_hangar,
          vaults_dpeg_diagonal, v_misc_3, layout_vaults_chaotic_city,
          serial_shops, shop
Vaults:4: hangedman_vaults_unwind, nicolae_vaults_hallways_thing,
          ontoclasm_vaults_bender, vaults_mumra_hex,
          nicolae_vaults_little_squares_6, nicolae_vaults_rhombus_6,
          vaults_standard_mumra_x, vaults_room_grunt_arrival_checkpoint,
          grunt_vaults_focal, nicolae_vaults_border_crossing,
          ontoclasm_vaults_chip, vaults_room_door_ring, layout_vaults_omnicross
Crypt:1:  layout_rooms, uniq_khufu, uniq_boris
Depths:1: layout_cave_pools, pf_hell_entry_tar_river, abyss_entry,
          chequers_big_river, roderic_roman_lattice, minmay_misc_feat_tower,
          minmay_pinched_square
Depths:2: minmay_the_grid_octo_tiled_squarecenter [minmay_the_grid_octo_teeth,
          minmay_the_grid_octo_empty, minmay_the_grid_octo_fan_narrow,
          minmay_the_grid_octo_shrine,
          minmay_the_grid_square_5x5_megaprize_hollow,
          minmay_the_grid_square_5x5_three_walls,
          minmay_the_grid_square_5x5_intrusive_squares,
          minmay_the_grid_square_5x5_seven, minmay_the_grid_square_5x5_meh],
          layout_gridlike, rand_demon_pan_entry_5, tso_metal_star, hell_entry,
          nicolae_inconvenience_store, infiniplex_staircase_squiggle
Depths:3: cheibrodos_salmonella, layout_cave_pools, gammafunk_ghost_crypt,
          nemelex_xobeh_ov_fountains_minmay, grunt_hell_entry_dis_old,
          abyss_entry_crystal, minmay_staircase_windowed_small, uniq_jory,
          uniq_enchantress, uniq_grunn
Depths:4: grunt_crosshair, layout_cave_shapes, enter_ziggurat_f,
          serial_bayou_shore_b, pf_hell_entry_great_geh,
          abyss_entry_small_statue_room, serial_shops, bzr_entry_islet,
          grunt_megastairs_5, minmay_shoptagon, uniq_margery, uniq_vv

Skill      XL: |  1  2  3  4  5  6  7  8  9 10 11 12 13 14 15 16 17 18 19 20 21 22 23 24 25 |
---------------+----------------------------------------------------------------------------+-----
Dodging        | 3 4 7 10 14 15 17 20 | 20.0
Fighting       | 3 4 5 8 10 12 14 15 | 15.0
Crossbows      | 6 7 9 10 12 15 19 21 22 25 26 | 26.0
Evocations     | 1 2 3 5 8 14 17 | 17.0
Invocations    | 4 8 9 |  9.0
Stealth        | 7 15 | 15.0
Spellcasting   | 3 8 12 13 14 | 14.9
Hexes          | 9 14 18 19 20 21 | 21.0
Translocations | 2 7 |  7.2
Armour         | 4 9 |  9.0

Action                   |  1- 3 |  4- 6 |  7- 9 | 10-12 | 13-15 | 16-18 | 19-21 | 22-24 | 25-27 || total
-------------------------+-------+-------+-------+-------+-------+-------+-------+-------+-------++-------
Melee: Triple crossbow   |       |       |       |       |     1 |       |       |       |       ||     1
 Fire: Hand crossbow     |    85 |   115 |   289 |   315 |   129 |       |       |       |       ||   933
       Triple crossbow   |       |       |       |    56 |   111 |   852 |   687 |   966 |   177 ||  2849
       Arbalest          |       |       |       |       |   569 |       |       |       |       ||   569
 Cast: Enfeeble          |       |       |       |       |       |       |       |     1 |       ||     1
Invok: Ancestor Life: Kn |       |       |     1 |       |       |       |       |       |       ||     1
       Ancestor Identity |       |       |     1 |       |       |       |       |       |       ||     1
       Recall Ancestor   |       |       |       |     7 |     4 |     5 |     3 |     4 |     2 ||    25
       Transference      |       |       |       |       |     1 |     2 |     1 |     2 |       ||     6
       Idealise          |       |       |       |       |     6 |     7 |     8 |    17 |     4 ||    42
Evoke: Wand              |       |     1 |     7 |    15 |     5 |       |     2 |       |     1 ||    31
       Condenser vane    |       |       |       |       |       |     1 |     1 |     1 |       ||     3
       Phial of floods   |       |       |       |       |       |       |       |     1 |     1 ||     2
  Use: Scroll            |       |     7 |       |    17 |    12 |     4 |    21 |    11 |     9 ||    81
       Potion            |       |       |       |     2 |     1 |     7 |     6 |     8 |     6 ||    30
Armor: Leather armour    |    13 |     4 |    24 |    15 |     2 |       |    16 |    52 |     7 ||   133
       Steam dragon scal |       |       |       |       |    49 |    45 |     4 |       |       ||    98
       Troll leather arm |       |       |       |       |       |       |    24 |       |       ||    24
Dodge: Dodged            |    29 |    37 |    80 |   112 |   285 |   355 |   363 |   497 |   107 ||  1865
Block: Other             |       |       |       |       |    56 |    66 |    17 |       |       ||   139
       Reflection        |       |       |       |       |     2 |     6 |     3 |       |       ||    11

Table legend: (Time is in decaauts)
 A = Elapsed time spent in this place.
 B = Non-inter-level travel time spent in this place.
 C = Inter-level travel time spent in this place.
 D = Time resting spent in this place.
 E = Time spent auto-exploring this place.
 F = Levels seen in this place.
 G = Mean time per level.
                   A        B        C        D        E       F      G
               +--------+--------+--------+--------+--------+-----+--------+
         Total |  59137 |  53672 |   5465 |   5531 |  40164 |  47 | 1258.2 |
       Dungeon |  21112 |  18549 |   2563 |   2103 |  14077 |  15 | 1407.5 |
        Temple |     26 |     16 |     10 |      0 |      8 |   1 |   26.0 |
          Lair |  10431 |   9204 |   1227 |   1334 |   6614 |   6 | 1738.5 |
        Shoals |   6328 |   6062 |    266 |    554 |   4748 |   4 | 1582.0 |
   Spider Nest |   3881 |   3659 |    222 |      0 |   3003 |   4 |  970.2 |
  Orcish Mines |   2175 |   1768 |    407 |      0 |   1457 |   2 | 1087.5 |
   Elven Halls |   4291 |   4043 |    248 |    822 |   2378 |   3 | 1430.3 |
        Vaults |   7011 |   6563 |    448 |    301 |   5312 |   4 | 1752.8 |
         Crypt |      5 |      5 |      0 |      0 |      0 |   1 |    5.0 |
        Depths |   3423 |   3352 |     71 |    417 |   2308 |   4 |  855.8 |
        Bazaar |    126 |    126 |      0 |      0 |     43 |   1 |  126.0 |
       Volcano |     31 |     31 |      0 |      0 |      0 |   1 |   31.0 |
      Gauntlet |    290 |    290 |      0 |      0 |    215 |   1 |  290.0 |
               +--------+--------+--------+--------+--------+-----+--------+

Top non-repeatable levels by time:
  Lair:2: 2636 daAuts
     D:5: 2267 daAuts
Vaults:1: 2210 daAuts
    D:11: 2149 daAuts
  Lair:6: 2093 daAuts
    D:10: 2043 daAuts
   Elf:3: 2040 daAuts
Shoals:4: 2022 daAuts
    D:12: 1768 daAuts
Shoals:3: 1748 daAuts
Vaults:3: 1734 daAuts
    D:14: 1671 daAuts
  Lair:4: 1613 daAuts
   Orc:2: 1603 daAuts
Vaults:2: 1577 daAuts
